 Dungeon Crawl Stone Soup version 0.29.1-1-gd02db6906a (webtiles) character file.

Game seed: 11161869626009872642

2863 fireball365 the Cleaver (level 9, -2/71 HPs)
             Began as a Minotaur Fighter on Oct 11, 2022.
             Was an Initiate of Gozag.
             Killed by divine providence
             ... invoked by an orc priest
              (12 damage)
             ... on level 9 of the Dungeon.
             The game lasted 00:25:50 (6975 turns).

fireball365 the Cleaver (Minotaur Fighter)          Turns: 6975, Time: 00:25:51

Health: -2/71      AC: 19    Str: 21    XL:     9   Next: 47%
Magic:  17/17      EV:  6    Int:  7    God:    Gozag
Gold:   1378       SH: 10    Dex: 12    Spells: 8/8 levels left

rFire   . . .      SeeInvis .   w - +3 war axe
rCold   . . .      Faith    .   c - +0 buckler
rNeg    . . .      Spirit   .   q - +0 plate armour
rPois   .          Reflect  +   (helmet restricted)
rElec   .          Harm     .   o - +2 cloak
rCorr   .          Rampage  .   r - +1 pair of gloves
Will    .....                   (no boots)
Stlth   ..........              B - amulet of reflection
HPRegen 0.21/turn               H - ring of magical power
MPRegen 0.15/turn               s - ring of wizardry

@: gold aura, on berserk cooldown
A: horns 2, retaliatory headbutt
a: Renounce Religion, Potion Petition, Call Merchant, Bribe Branch


You were on level 9 of the Dungeon.
You worshipped Gozag.
Gozag was most pleased with you.
You visited 1 branch of the dungeon, and saw 9 of its levels.

You collected 1378 gold pieces.

Inventory:

Hand Weapons
 a - a +1 arbalest of flaming
 b - a +0 battleaxe
 w - a +3 war axe (weapon)
 C - a +0 halberd
 I - a +1 flail of draining
Missiles
 e - 56 stones
Armour
 c - a +0 buckler (worn)
 o - a +2 cloak (worn)
 q - a +0 plate armour (worn)
 r - a +1 pair of gloves (worn)
Jewellery
 h - an amulet of magic regeneration
 s - a ring of wizardry (right hand)
 B - an amulet of reflection (around neck)
 H - a ring of magical power (left hand)
Wands
 y - a wand of acid (6)
 D - a wand of roots (13)
 F - a wand of flame (19) (quivered)
Scrolls
 i - 5 scrolls of teleportation
 j - a scroll of identify
 k - a scroll of blinking
 l - 2 scrolls of vulnerability
 p - 3 scrolls of noise
 A - 2 scrolls of enchant armour {unknown}
Potions
 d - a potion of might
 f - a potion of lignification {unknown}
 m - a potion of invisibility
 n - a potion of brilliance {unknown}
 t - 2 potions of flight
 u - a potion of berserk rage
 v - 2 potions of degeneration
 x - a potion of mutation {unknown}
 z - a potion of attraction {unknown}
 E - a potion of cancellation {unknown}
 G - a potion of heal wounds {unknown}


   Skills:
 - Level 3.6 Fighting
 * Level 13.0 Axes
 + Level 7.5 Armour
 + Level 1.2 Dodging
 + Level 1.2 Stealth
 + Level 6.4 Shields


You had 8 spell levels left.
You didn't know any spells.
Your spell library contained the following spells:

 Spells                   Type           Power      Damage    Failure   Level
 Sublimation of Blood     Necr           0%         N/A       99%         2
 Wereblood                Tmut           0%         N/A       99%         2
 Gell's Gravitas          Tloc           0%         N/A       100%        3
 Teleport Other           Tloc           0%         N/A       100%        3
 Dispersal                Tloc           0%         N/A       100%        6
 Summon Hydra             Summ           0%         N/A       100%        7


Dungeon Overview and Level Annotations

Branches:
Dungeon (9/15)             Temple (0/1) D:4
   Lair: D:8-11         Orc: D:9-12

Altars:
Cheibriados
Gozag
Uskayaw
Zin

Shops:
D:5 :


Innate Abilities, Weirdness & Mutations

You have a pair of horns on your head.
You reflexively headbutt those who attack you in melee.


Message History

You block the orc wizard's attack. The orc hits you but does no damage.
You block the orc warrior's attack. The orc hits you but does no damage.
The orc wizard hits you but does no damage.
Blink to where?
Press: ? - help, Q - select action, (/) - cycle Dir - move target
As you read the scroll of blinking, it crumbles to dust.
You hit the orc warrior but do no damage.
The orc warrior is heavily wounded.
You feel yourself speed up.
An orc comes into view. It is wielding a +0 whip.
You block the orc warrior's attack.
You slash the orc warrior! You headbutt the orc warrior.
The orc warrior is almost dead.
The orc warrior barely misses you.
You slash the orc warrior!
You kill the orc warrior!
Your Axes skill increases to level 13!
You slash the orc wizard!
You kill the orc wizard!
You slash the orc!
You kill the orc!
The orc is distracted by your dazzling golden aura.
The orc is distracted by your dazzling golden aura.
Items here: $ ))) [[.
The orc shouts! x2
You slash the orc!
You kill the orc!
Things that are here:
8 gold pieces; a +0 dagger The orc is no longer distracted by gold.
An orc priest comes into view. It is wielding a +0 dagger.
You closely miss the orc. The orc completely misses you.
You barely miss the orc. Your headbutt misses the orc.
You block the orc's attack.
You slash the orc!
You kill the orc!
The orc priest mumbles some strange prayers to Beogh against you.
Beogh smites you!
You die...
Your body crumbles into a pile of gold.

#########+###
#...........#
#...........#
#...........#
#....$?.....#
#########)..$$$.....#
#...$$@$oo<.$$$.....#
#.#######.o.$$$.......
#. ####$##.....## #.
#.$.#......P #.
...8......P.~ ##
###...####'.~~ o####
..~ $$o# .≈ $


o You could see an orc priest and 2 orcs.

Vanquished Creatures
  An ice beast (D:4)
  A hornet zombie (D:9)
  5 orc warriors
  5 sky beasts
  2 ogres
  2 phantoms
  2 bullfrogs
  2 necrophages
  A scorpion (D:5)
  A wight (D:9)
  A howler monkey (D:9)
  12 hounds
  2 orc priests (D:9)
  2 jellies
  3 gnoll boudas
  3 iguanas
  Jessica (D:2)
  2 orc wizards
  2 howler monkey zombies (D:9)
  8 gnolls
  9 adders
  3 white imps (D:6)
  An ufetubus (D:5)
  5 worms
  3 dart slugs
  24 orcs
  5 ball pythons
  8 endoplasms
  5 giant cockroaches
  10 goblins
  7 hobgoblins
  3 jackals (D:2)
  4 quokkas
  9 bats
  A frilled lizard (D:2)
  3 kobolds
  7 rats
  3 bushes
  2 toadstools (D:1)
170 creatures vanquished.

Vanquished Creatures (others)
  2 plants (D:1)
  2 toadstools (D:1)
  3 withered plants (D:9)
7 creatures vanquished.

Grand Total: 177 creatures vanquished

Notes
Turn   | Place    | Note
-------+----------+-------------------------------------------
     0 | D:1      | fireball365 the Minotaur Fighter began the quest for the
                  | Orb.
     0 | D:1      | Reached XP level 1. HP: 19/19 MP: 0/0
   207 | D:1      | Found a faded altar of an unknown god.
   245 | D:1      | Prayed at the altar of an unknown god.
   245 | D:1      | Became a worshipper of Gozag Ym Sagoz the Greedy
   267 | D:1      | Reached XP level 2. HP: 23/27 MP: 1/1
  1003 | D:2      | Reached skill level 3 in Axes
  1151 | D:2      | Reached XP level 3. HP: 25/33 MP: 2/2
  1218 | D:2      | Reached skill level 4 in Axes
  1297 | D:2      | Noticed Jessica
  1300 | D:2      | Killed Jessica
  1301 | D:2      | Reached XP level 4. HP: 40/40 MP: 3/3
  1372 | D:2      | Found a glowing silver altar of Zin.
  1881 | D:3      | Reached skill level 5 in Axes
  2092 | D:3      | Noticed a sky beast
  2100 | D:3      | Reached XP level 5. HP: 44/46 MP: 4/4
  2109 | D:3      | Killed a sky beast
  2110 | D:3      | Reached skill level 6 in Axes
  2390 | D:3      | You fall into a shaft and drop 2 floors!
  2390 | D:5      | Entered Level 5 of the Dungeon
  2398 | D:5      | Reached XP level 6. HP: 51/52 MP: 5/5
  2401 | D:5      | Found Huneicyo's Vocational Training.
  2453 | D:5      | Reached skill level 5 in Armour
  2483 | D:4      | Reached skill level 7 in Axes
  3543 | D:4      | Noticed an ice beast
  3552 | D:4      | Killed an ice beast
  3553 | D:4      | Reached skill level 8 in Axes
  3553 | D:4      | Reached XP level 7. HP: 33/58 MP: 6/6
  3793 | D:4      | Found a staircase to the Ecumenical Temple.
  4321 | D:5      | Reached skill level 9 in Axes
  5040 | D:6      | Reached XP level 8. HP: 29/66 MP: 7/7
  5041 | D:6      | Reached skill level 10 in Axes
  5148 | D:6      | Reached skill level 5 in Shields
  5561 | D:6      | Found a hide-covered altar of Uskayaw.
  6198 | D:7      | Found a snail-covered altar of Cheibriados.
  6231 | D:7      | Reached skill level 11 in Axes
  6283 | D:7      | Reached skill level 1 in Dodging
  6303 | D:7      | Reached skill level 1 in Stealth
  6439 | D:7      | Reached XP level 9. HP: 24/71 MP: 8/8
  6868 | D:7      | Reached skill level 12 in Axes
  6967 | D:9      | Reached skill level 13 in Axes
  6975 | D:9      | Killed from afar by an orc priest

Illustrated notes

Levels and vault maps discovered:
D:1:      ldierk_walled_garden_2, layout_basic,
          ebering_ecumenical_altar_sacrificial, minivault_14
D:2:      layout_loops_ring, basic_altar, serial_rivers,
          chequers_serial_rivers_small_b, chequers_serial_rivers_small_b,
          chequers_serial_rivers_small_b, chequers_serial_rivers_micro_b,
          chequers_serial_rivers_small_a, serial_park_tiny_2, uniq_jessica
D:3:      minmay_recursive_quarters, layout_basic
D:4:      kennysheep_spiral_hall, layout_rooms, minmay_temple_entry_mist,
          minmay_misc_feat_pillars
D:5:      layout_gridville, skrybe_limestone_x, nicolae_shop_vocational
D:6:      layout_cave_pools, pf_just_have_faith
D:7:      layout_cave_pools, mainiacjoe_overflow_concentric_impassable
D:8:      layout_rooms
D:9:      layout_roguey, hiddenorc2_lemuel, serial_undead, serial_undead_a,
          serial_undead_f, serial_undead_a, serial_undead_b, serial_undead_e

Skill      XL: |  1  2  3  4  5  6  7  8  9 |
---------------+----------------------------+-----
Armour         | 4 5 6 7 |  7.5
Axes           | 3 4 5 6 8 9 11 13 | 13.0
Shields        | 4 5 6 |  6.4
Dodging        | 1 |  1.2
Stealth        | 1 |  1.2
Fighting       | |  3.6

Action                   |  1- 3 |  4- 6 |  7- 9 || total
-------------------------+-------+-------+-------++-------
Melee: War axe           |   183 |   105 |   203 ||   491
       Headbutt          |    52 |    10 |    39 ||   101
Evoke: Wand              |       |       |     1 ||     1
  Use: Scroll            |       |       |    14 ||    14
       Potion            |       |       |     5 ||     5
 Stab: Invisible         |       |       |     3 ||     3
Armor: Scale mail        |    15 |       |       ||    15
       Plate armour      |    47 |    77 |   116 ||   240
Dodge: Dodged            |    27 |    46 |    44 ||   117
Block: Buckler           |    17 |    24 |   107 ||   148
       Reflection        |       |       |     1 ||     1
